 Dungeon Crawl Stone Soup version 0.16.1 (webtiles) character file.

455 Fiveotanaka the Cleaver (level 7, -8/57 HPs)
             Began as a Hill Orc Berserker on Mar 27, 2015.
             Was an Elder of Trog.
             Mangled by Eustachio
             ... wielding a +4 rapier of electrocution
              (14 damage)
             ... on level 4 of the Dungeon.
             The game lasted 00:10:16 (5222 turns).

Fiveotanaka the Cleaver (Hill Orc Berserker)        Turns: 5222, Time: 00:10:16

Health: -8/57      AC:  5    Str: 20      XL:     7   Next: 5%
Magic:  7/7        EV: 10    Int:  7      God:    Trog [****..]
Gold:   250        SH:  0    Dex:  7 (12) Spells: 0 memorised, 6 levels left

rFire  . . .     SeeInvis .     a - +0 hand axe
rCold  . . .     Clarity  .     x - +0 ring mail
rNeg   . . .     SustAb   .     (no shield)
rPois  .         Gourm    .     (no helmet)
rElec  .         Spirit   .     (no cloak)
rCorr  .         Warding  .     (no gloves)
rMut   .         Stasis   .     (no boots)
MR     .....                    (no amulet)
Stlth  ..........               (no ring)
                                (no ring)

@: not resistant to hostile enchantments, extremely unstealthy
A: no striking features
a: Burn Spellbooks, Berserk, Trog's Hand, Brothers in Arms, Renounce Religion


You were on level 4 of the Dungeon.
You worshipped Trog.
Trog was greatly pleased with you.
You were not hungry.

You visited 1 branch of the dungeon, and saw 4 of its levels.

You collected 250 gold pieces.

Inventory:

Hand weapons
 a - a +0 hand axe (weapon)
 y - a +0 war axe
Armour
 b - a +0 animal skin
 x - a +0 ring mail (worn)
Scrolls
 d - 4 scrolls of magic mapping
 h - 2 scrolls of enchant weapon {unknown}
 m - 3 scrolls of identify
 n - a scroll of amnesia {unknown}
 o - 2 scrolls of immolation
 q - a scroll of blinking {unknown}
 r - a scroll of noise {unknown}
 s - 3 scrolls of fog {unknown}
 t - a scroll of fear {unknown}
Potions
 e - a potion of brilliance {unknown}
 i - 3 potions of curing
 j - a potion of mutation {unknown}
 k - a potion of cure mutation {unknown}
 u - 2 potions of agility {unknown}
 v - a potion of berserk rage {unknown}
 w - a potion of haste {unknown}
 z - a potion of heal wounds {unknown}
 A - a potion of ambrosia {unknown}
 B - a potion of restore abilities {unknown}
 C - a potion of poison {unknown}
Comestibles
 c - 3 meat rations
 g - a bread ration
 l - 2 slices of pizza
 p - 3 fruits


   Skills:
 - Level 3.6 Fighting
 + Level 10.1 Axes
 - Level 2.1 Armour
 - Level 1.5 Dodging


You had 6 spell levels left.
You didn't know any spells.

Dungeon Overview and Level Annotations

Branches:
Dungeon (4/15)             Temple (0/1) D:4

Altars:
Makhleb
Trog
Xom

Annotations:
D:4 Eustachio


Message History

You closely miss Eustachio.
Eustachio is moderately wounded.
Eustachio hits you but does no damage.
You hit Eustachio!
Eustachio is severely wounded.
Eustachio hits you with a rapier of electrocution.
You are electrocuted!
* * * LOW HITPOINT WARNING * * *
You are too injured to fight recklessly!
You are too injured to fight recklessly!
You are too injured to fight recklessly!
You are too injured to fight recklessly!
You are too injured to fight recklessly!
You are too injured to fight recklessly!
You barely miss Eustachio.
Eustachio is severely wounded.
Eustachio hits you with a rapier of electrocution.
* * * LOW HITPOINT WARNING * * *
You are electrocuted!
You die...

#...........##.#
####.#.......#.##.#
#..............##.#
#.##.#.#.#.#.#)##.#
#.##...........##.#########
..###..##.#...............###
#####.#...#...###.######....##
#.......#####..............#.#
#.###.#...#....@@....##.#########
#.# #.###.#.#)###.##.##....###...
#.# #.###...#.###.##.##...#.#.#..
#.# #........#...<##.###.#..#..#.
#.# #######.###.####.# ##...#...#
#.# ##.## ##.###.# #.........
#.## #.## ##.##.# ##....#... #..#
##.## ##.###.# #.#...#.. ##.#
##.###.####.## #.##...#.


You could see Eustachio.

Vanquished Creatures
  2 ogres (D:4)
  A crimson imp (D:4)
  An orc wizard (D:4)
  Natasha (thrice) (D:4)
  An iguana (D:4)
  A worker ant (D:4)
  2 shadow imps (D:4)
  3 adders
  A giant mite (D:3)
  2 worms (D:3)
  An ooze (D:1)
  14 orcs
  A ball python (D:2)
  15 bats
  4 giant cockroaches
  7 goblins
  15 hobgoblins
  5 jackals
  2 quokkas (D:2)
  2 giant geckos
  6 giant newts
  13 kobolds
  11 rats
  2 fungi (D:2)
115 creatures vanquished.

Notes
Turn   | Place    | Note
--------------------------------------------------------------
     0 | D:1      | Fiveotanaka, the Hill Orc Berserker, began the quest for the Orb.
     0 | D:1      | Reached XP level 1. HP: 19/19 MP: 1/1
   146 | D:1      | Reached XP level 2. HP: 23/26 MP: 2/2
   276 | D:1      | Reached skill level 5 in Axes
   565 | D:1      | Acquired Trog's second power
   683 | D:1      | Reached XP level 3. HP: 20/31 MP: 3/3
  1279 | D:2      | Reached skill level 6 in Axes
  1596 | D:2      | Reached XP level 4. HP: 30/39 MP: 4/4
  1671 | D:2      | Found a shimmering altar of Xom.
  2565 | D:3      | Found a bloodstained altar of Trog.
  2729 | D:3      | Reached skill level 7 in Axes
  3002 | D:3      | Reached XP level 5. HP: 45/45 MP: 5/5
  3716 | D:4      | Reached skill level 8 in Axes
  3746 | D:4      | Acquired Trog's third power
  3959 | D:4      | Reached XP level 6. HP: 41/51 MP: 6/6
  4014 | D:4      | Found a burning altar of Makhleb.
  4016 | D:4      | Noticed a cacodemon
  4141 | D:4      | Noticed Natasha
  4141 | D:4      | Noticed an ogre
  4142 | D:4      | Found a staircase to the Ecumenical Temple.
  4146 | D:4      | Killed Natasha
  4155 | D:4      | Killed an ogre
  4155 | D:4      | Reached skill level 9 in Axes
  4157 | D:4      | Noticed Natasha
  4163 | D:4      | Killed Natasha
  4233 | D:4      | Noticed Natasha
  4236 | D:4      | Killed Natasha
  4400 | D:4      | Noticed Eustachio
  4402 | D:4      | Noticed an ogre
  4468 | D:4      | Killed an ogre
  4468 | D:4      | Reached skill level 10 in Axes
  4468 | D:4      | Reached XP level 7. HP: 12/57 MP: 7/7
  5222 | D:4      | Mangled by Eustachio

Action                   |  1- 3 |  4- 6 |  7- 9 || total
-------------------------+-------+-------+-------++-------
Melee: Hand axe          |   142 |   327 |    54 ||   523
Invok: Berserk           |       |     1 |     1 ||     2
       Trog's Hand       |       |       |     1 ||     1
  Use: Scroll            |       |       |     2 ||     2
       Potion            |       |       |     1 ||     1
  Eat: Chunk             |     2 |    10 |       ||    12
       Bread ration      |       |       |     1 ||     1
       Beef jerky        |       |       |     1 ||     1
